 Dungeon Crawl Stone Soup version 0.26-a0-466-g989023bd0d (webtiles) character file.

Game seed: 11208984954978410811

478 Infinimo the Insei (level 7, -6/48 HPs)
             Began as a Merfolk Transmuter on July 29, 2020.
             Mangled by an orc warrior
             ... wielding a +0 war axe
              (30 damage)
             ... on level 4 of the Dungeon.
             The game lasted 00:05:55 (4712 turns).

Infinimo the Insei (Merfolk Transmuter)             Turns: 4712, Time: 00:05:56

Health: -6/48      AC:  4    Str: 13    XL:     7   Next: 11%
Magic:  10/10      EV: 13    Int: 12    God:
Gold:   279        SH:  5    Dex: 14    Spells: 4/10 levels left

rFire    . . .     SeeInvis .     - Unarmed
rCold    . . .     Faith    .   (no shield)
rNeg     . . .     Spirit   .   s - +0 leather armour (curse)
rPois    .         Reflect  +   (no helmet)
rElec    .         Harm     +   m - scarf {harm}
rCorr    +                      j - +0 pair of gloves
MR       .....                  (no boots)
Stlth    +.........             k - amulet of reflection
HPRegen  0.16/turn              c - ring of resist corrosion
MPRegen  0.12/turn              i - ring of wizardry

@: no status effects
A: change form in water, swift swim, stealthy swim
a: no special abilities


You were on level 4 of the Dungeon.
You visited 1 branch of the dungeon, and saw 4 of its levels.

You collected 279 gold pieces.

Inventory:

Missiles
 b - 10 poisoned darts (quivered)
Armour
 a - a +0 robe
 j - a +0 pair of gloves (worn)
 m - a scarf of harm (worn)
 s - a cursed +0 leather armour (worn)
Jewellery
 c - a ring of resist corrosion (left hand)
 i - a ring of wizardry (right hand)
 k - an amulet of reflection (around neck)
Scrolls
 e - a scroll of identify
 f - 2 scrolls of remove curse
 g - a scroll of enchant armour


   Skills:
 - Level 1.1 Fighting
 - Level 3.5 Dodging
 * Level 7.1 Unarmed Combat
 - Level 2.0 Spellcasting
 + Level 5.8 Transmutations


You had 4 spell levels left.
You knew the following spells:

 Your Spells              Type           Power        Failure   Level
a - Beastly Appendage     Tmut           ###...       1%          1
b - Blade Hands           Tmut           ###.......   32%         5

Your spell library contained the following spells:

 Spells                   Type           Power        Failure   Level
 Wereblood                Tmut           ###.....     1%          2
 Spider Form              Tmut/Pois      #.........   12%         3
 Ice Form                 Ice/Tmut       #.......     38%         4


Dungeon Overview and Level Annotations

Branches:
Dungeon (4/15)
 Temple: D:4-7

Altars:


Message History

Beogh smites you! The orc hits you.
You punch the orc warrior!
The orc warrior is moderately wounded.
The orc priest mumbles some strange prayers to Beogh against you.
Beogh smites you!
You are too injured to fight recklessly!
You are too injured to fight recklessly!
You are too injured to fight recklessly!
You are too injured to fight recklessly!
You are too injured to fight recklessly!
You are too injured to fight recklessly!
You are too injured to fight recklessly!
You are too injured to fight recklessly!
You are too injured to fight recklessly!
You are too injured to fight recklessly!
You are too injured to fight recklessly!
You are too injured to fight recklessly!
The orc warrior hits you with a +0 war axe!!
Ouch! That really hurt!
You die...

#..# ## # #
#..# ... .#
#..# ##.#.#.#
#.<# #......
#..# #..#.#
#..# #....
#..# #.o# #
#)@####..#....
#..ooo.......#
#[#####.######
#.#
#[##########
#.#
#........<.#
#.#
##########.##
#.# #........
#.# #.####.##
#.# #.# #.#


You could see an orc warrior, an orc priest and an orc.

Vanquished Creatures
  Sigmund (D:3)
  An orc priest (D:3)
  An iguana (D:3)
  2 orc wizards (D:4)
  7 gnolls
  2 adders (D:2)
  3 oozes (D:1)
  An adder skeleton (D:4)
  A worm (D:3)
  4 dart slugs
  4 leopard geckos
  11 orcs
  5 giant cockroaches
  5 goblins
  3 hobgoblins
  10 jackals
  7 kobolds
  2 quokkas
  8 bats
  4 frilled lizards
  4 rats
86 creatures vanquished.

Notes
Turn   | Place    | Note
-------+----------+-------------------------------------------
     0 | D:1      | Infinimo the Merfolk Transmuter began the quest for the
                  | Orb.
     0 | D:1      | Reached XP level 1. HP: 15/15 MP: 3/3
   250 | D:1      | Reached XP level 2. HP: 21/21 MP: 5/5
   423 | D:1      | Reached XP level 3. HP: 26/26 MP: 6/6
   425 | D:1      | Reached skill level 4 in Unarmed Combat
  1245 | D:1      | Reached XP level 4. HP: 32/32 MP: 7/7
  1669 | D:2      | Reached skill level 5 in Unarmed Combat
  1813 | D:2      | Reached XP level 5. HP: 20/37 MP: 8/8
  3051 | D:3      | Noticed Sigmund
  3074 | D:3      | Killed Sigmund
  3074 | D:3      | Reached skill level 6 in Unarmed Combat
  3074 | D:3      | Reached skill level 5 in Transmutations
  3074 | D:3      | Reached XP level 6. HP: 33/43 MP: 7/9
  3209 | D:3      | Learned a level 5 spell: Blade Hands
  4511 | D:4      | Reached XP level 7. HP: 28/48 MP: 10/10
  4691 | D:4      | Reached skill level 7 in Unarmed Combat
  4712 | D:4      | Mangled by an orc warrior

Illustrated notes

Levels and vault maps discovered:
D:1:      dpeg_arrival_castle, layout_basic, minmay_split_cup_large
D:2:      layout_loops_cross
D:3:      layout_loops_corners, uniq_sigmund
D:4:      layout_loops_ring

Skill      XL: |  1  2  3  4  5  6  7 |
---------------+----------------------+-----
Dodging        | 3 |  3.5
Transmutations | 3 4 5 |  5.8
Unarmed Combat | 4 5 6 7 |  7.1
Fighting       | |  1.1
Spellcasting   | |  2.0

Action                   |  1- 3 |  4- 6 |  7- 9 || total
-------------------------+-------+-------+-------++-------
Melee: Unarmed           |   104 |   197 |    22 ||   323
       Punch             |     2 |     6 |       ||     8
       Headbutt          |       |     2 |       ||     2
Throw: Dart              |       |    16 |       ||    16
 Cast: Beastly Appendage |       |     1 |       ||     1
  Use: Potion            |     3 |     5 |       ||     8
       Scroll            |       |     7 |       ||     7
 Stab: Sleeping          |       |     3 |       ||     3
Armor: Robe              |    31 |    18 |       ||    49
       Skin              |       |     1 |       ||     1
       Leather armour    |       |     4 |     1 ||     5
Dodge: Dodged            |    77 |   115 |     8 ||   200
Block: Other             |       |       |     1 ||     1

Table legend: (Time is in decaauts)
 A = Elapsed time spent in this place.
 B = Non-inter-level travel time spent in this place.
 C = Inter-level travel time spent in this place.
 D = Time resting spent in this place.
 E = Time spent auto-exploring this place.
 F = Levels seen in this place.
 G = Mean time per level.
                   A        B        C        D        E       F      G
               +--------+--------+--------+--------+--------+-----+--------+
         Total |   4649 |   4465 |    184 |    595 |   3080 |   4 | 1162.2 |
       Dungeon |   4649 |   4465 |    184 |    595 |   3080 |   4 | 1162.2 |
               +--------+--------+--------+--------+--------+-----+--------+

Top non-repeatable levels by time:
     D:3: 1587 daAuts
     D:1: 1439 daAuts
     D:2: 1390 daAuts
     D:4: 231 daAuts
